 Dungeon Crawl Stone Soup version 0.29-a0-824-gd827844252 (webtiles) character file.

Game seed: 10279506660341898073

119 buhh the Insei (level 5, -1/35 HPs)
             Began as an Octopode Transmuter on July 10, 2022.
             Killed from afar by a dart slug (3 damage)
             ... with a slug dart
             ... on level 2 of the Dungeon.
             The game lasted 00:02:25 (1547 turns).

buhh the Insei (Octopode Transmuter)                Turns: 1547, Time: 00:02:26

Health: -1/35      AC:  1    Str:  9 (10) XL:     5   Next: 3%
Magic:  7/8        EV: 13    Int: 15 (17) God:
Gold:   120        SH:  0    Dex:  9 (12) Spells: 2/8 levels left

rFire   . . .      SeeInvis .     - Unarmed
rCold   . . .      Faith    .   (no shield)
rNeg    . . .      Spirit   .   (helmet currently unavailable)
rPois   .          Reflect  .   (no amulet)
rElec   .          Harm     .   (no ring)
rCorr   .          Rampage  .   (no ring)
Will    .....                   (no ring)
Stlth   +++.......              (no ring)
HPRegen 0.11/turn               (no ring)
MPRegen 0.11/turn               (no ring)
                                (no ring)
                                (no ring)

@: lethally poisoned (-1 -> -6), appendages
A: tentacle spike 3, almost no armour, amphibious, 8 rings, camouflage 1,
gelatinous body 1, (nimble swimmer 1), tentacles
a: End Transformation


You were on level 2 of the Dungeon.
One of your tentacles had grown a beastly spike.
You visited 1 branch of the dungeon, and saw 2 of its levels.

You collected 120 gold pieces.

Inventory:

Missiles
 e - 3 poisoned darts
Armour
 d - a +1 hat (melded)
Scrolls
 a - a scroll of identify {!d}
Potions
 n - a potion of lignification {!d}
 Z - 2 potions of flight


   Skills:
 * Level 2.4 Fighting
 * Level 3.0 Dodging
 - Level 2.0 Stealth
 * Level 3.8 Unarmed Combat
 - Level 2.0 Spellcasting
 + Level 2.0 Transmutations
 - Level 1.0 Poison Magic


You had 2 spell levels left.
You knew the following spells:

 Your Spells              Type           Power      Damage    Failure   Level
a - Beastly Appendage     Tmut           14%        N/A       10%         1
b - Wereblood             Tmut           7%         N/A       14%         2
c - Spider Form           Tmut/Pois      6%         N/A       34%         3

Your spell library contained the following spells:

 Spells                   Type           Power      Damage    Failure   Level
 Ice Form                 Ice/Tmut       4%         N/A       82%         4


Dungeon Overview and Level Annotations

Branches:
Dungeon (2/15) Zot: 10458

Altars:


Innate Abilities, Weirdness & Mutations

One of your tentacles has grown a beastly spike.
You cannot wear most types of armour.
You are amphibious.
You can wear up to eight rings at the same time.
Your skin changes colour to match your surroundings (Stealth+).
Your rubbery body absorbs attacks. (AC +1, EV +1)
((You are camouflaged when in or above water. (Stealth+)))
You have tentacles for arms and can constrict up to eight enemies at once.


Message History

You tentacle-slap the adder.
You pierce the adder.
The adder is heavily wounded.
You constrict the adder.
You feel sick. The adder bites you.
You are more poisoned.
The adder poisons you! The adder bites you.
You are lethally poisoned!
The adder poisons you!
You tentacle-slap the adder.
You kill the adder!
You feel very sick.
You have reached level 5!
You feel stronger.
Casting: Beastly Appendage (safe; 9% risk of failure)
Press: ? - help, Q - select action, (/) - cycle Dir - look around, f - activate You extend your transformation's duration.
You feel very sick. The dart slug launches a dart at you.
The slug dart hits you.
* * * LOW HITPOINT WARNING * * *
Okay, then.
It was a potion of degeneration.
There was something very wrong with that liquid.
You feel weakened.
You feel dopey.
You feel clumsy.
* * * LOW HITPOINT WARNING * * *
You feel sick.
Okay, then.
Blink to where?
Press: ? - help, Dir - move target
As you read the scroll of blinking {!d}, it crumbles to dust.
* * * LOW HITPOINT WARNING * * *
You feel sick.
You tentacle-slap the dart slug but do no damage.
You grab the dart slug.
You pierce the dart slug.
The dart slug is heavily wounded.
You constrict the dart slug.
* * * LOW HITPOINT WARNING * * *
You feel sick. The dart slug launches a dart at you. The slug dart hits you.
You die...

####.?.#####..........
#.........##.##..####.
#....)............###.
#............#.....#..
###...ยง...............
#.....###..#........
#.....# #..##.......
#.#w#.# #...####....
#.#@#.# #....####...
#...................
#......##....####..#
#..##..# #..# #.. ..#
#..# #.. ... #..# ##.
... #..# #. ###. #..#
....


You could see a dart slug.

Vanquished Creatures
  An orc priest (D:2)
  An orc wizard (D:2)
  2 adders (D:2)
  A dart slug (D:2)
  3 orcs (D:2)
  3 endoplasms
  A giant cockroach (D:2)
  4 goblins
  5 hobgoblins
  4 jackals (D:2)
  A kobold (D:2)
  A quokka (D:1)
  8 ball pythons
  2 bats (D:1)
  3 frilled lizards
  3 rats (D:1)
43 creatures vanquished.

Vanquished Creatures (others)
  2 plants (D:2)
2 creatures vanquished.

Grand Total: 45 creatures vanquished

Notes
Turn   | Place    | Note
-------+----------+-------------------------------------------
     0 | D:1      | buhh the Octopode Transmuter began the quest for the Orb.
     0 | D:1      | Reached XP level 1. HP: 13/13 MP: 3/3
   211 | D:1      | Reached skill level 1 in Poison Magic
   212 | D:1      | Reached XP level 2. HP: 17/18 MP: 3/5
   214 | D:1      | Reached skill level 1 in Stealth
   985 | D:2      | Reached XP level 3. HP: 23/23 MP: 4/6
  1352 | D:2      | Reached XP level 4. HP: 29/29 MP: 7/7
  1450 | D:2      | Learned a level 2 spell: Wereblood
  1454 | D:2      | Learned a level 3 spell: Spider Form
  1544 | D:2      | Reached XP level 5. HP: 15/35 MP: 8/8
  1547 | D:2      | Killed from afar by a dart slug

Illustrated notes

Levels and vault maps discovered:
D:1:      sevenhm_arrival_forest_fort_small_3, layout_rooms, serial_forest,
          infiniplex_forest_straight_3, infiniplex_forest_3_way,
          infiniplex_forest_zigzag_1, infiniplex_forest_straight_2,
          infiniplex_forest_lined_3_way, infiniplex_forest_straight_5,
          infiniplex_forest_clump_tiny, infiniplex_forest_diagonal,
          interstate_on_off
D:2:      cheibrodos_pilgrimage, layout_loops_ring, chequers_jeans,
          minmay_shallow_snake_nest

Skill      XL: |  1  2  3  4 |
---------------+-------------+-----
Poison Magic   | 1 |  1.0
Stealth        | 2 |  2.0
Fighting       | 2 |  2.4
Dodging        | 3 |  3.0
Unarmed Combat | |  3.8
Spellcasting   | |  2.0
Transmutations | |  2.0

Action                   |  1- 3 |  4- 6 || total
-------------------------+-------+-------++-------
Melee: Unarmed           |    75 |    24 ||    99
       Constrict         |    16 |     3 ||    19
       Kick              |    17 |     4 ||    21
       Tentacles         |     5 |     1 ||     6
       Punch             |     2 |     1 ||     3
 Cast: Beastly Appendage |    18 |     5 ||    23
  Use: Scroll            |     5 |     1 ||     6
       Potion            |     1 |     1 ||     2
 Stab: Sleeping          |     5 |     1 ||     6
Armor: Skin              |    20 |    33 ||    53
Dodge: Dodged            |    47 |     3 ||    50

Table legend: (Time is in decaauts)
 A = Elapsed time spent in this place.
 B = Non-inter-level travel time spent in this place.
 C = Inter-level travel time spent in this place.
 D = Time resting spent in this place.
 E = Time spent auto-exploring this place.
 F = Levels seen in this place.
 G = Mean time per level.
                   A        B        C        D        E       F      G
               +--------+--------+--------+--------+--------+-----+--------+
         Total |   1540 |   1532 |      8 |     21 |   1184 |   2 |  770.0 |
       Dungeon |   1540 |   1532 |      8 |     21 |   1184 |   2 |  770.0 |
               +--------+--------+--------+--------+--------+-----+--------+

Top non-repeatable levels by time:
     D:1: 985 daAuts
     D:2: 555 daAuts
